Map: 포트 알렉산더 - 래더

Players

DnS

  • Race: Protoss Protoss
  • Spawn Location: 11:00

Neeb - Winner!

  • Race: Protoss Protoss
  • Spawn Location: 5:00

Event: 2019 WCS Spring

VOD

Have the link to the VOD?

Description

Time

  • Played on: May 17, 2019, 2:30 p.m.
  • Length: 9:24

All games in this series

Show
View Real Time Build Order
Export as new Build Order

DnS Protoss 

Build Orders: Oracle Opening 

Get SALT Encoding   

  12  0:00  Probe  
  13  0:12  Probe  
  14  0:18  Pylon  
  14  0:24  Probe  
  15  0:32  Probe  
  15  0:38  Gateway  
  15  0:40  Probe  
  16  0:48  Assimilator  
  17  0:51  Probe  
  17  0:56  Assimilator  
  18  1:00  Probe  
  19  1:08  Probe  
  19  1:09  Gateway  
  19  1:17  Probe  
  21  1:26  Cybernetics Core  
  21  1:29  Probe  
  22  1:37  Pylon  
  22  1:42  Probe  
  23  1:55  Probe  
  24  2:03  Stalker  
  24  2:04  Sentry, Warp Gate  
  28  2:13  Pylon  
  28  2:20  Pylon  
  28  2:30  Stargate  
  28  2:40  Stalker  
  30  2:53  Nexus  
  30  3:00  Stalker  
  32  3:05  Probe  
  32  3:06  Oracle  
  36  3:20  Probe  
  37  3:30  Pylon  
  37  3:32  Probe  
  38  3:47  Probe  
  39  3:50  Twilight Council  
  39  3:54  Stalker  
  41  3:56  Stalker  
  41  4:02  Probe  
  44  4:07  Probe  
  45  4:14  Probe  
  46  4:19  Probe  
  46  4:20  Stalker, Blink  
  48  4:26  Probe  
  46  4:31  Stalker, Probe  
  49  4:38  Probe  
  49  4:40  Probe  
  51  4:48  Probe  
  51  4:51  Probe  
  52  4:55  Stalker  
  52  4:59  Probe  
  55  5:01  Pylon  
  55  5:04  Stalker  
  55  5:05  Probe  
  59  5:08  Pylon  
  59  5:11  Probe  
  60  5:17  Forge, Probe  
  61  5:23  Assimilator, Probe  
  61  5:25  Assimilator  
  62  5:30  Probe  
  62  5:36  Phoenix  
  62  5:41  Probe  
  62  5:42  Stalker, Probe  
  68  5:43  Stalker  
  70  5:50  Pylon  
  70  5:53  Probe  
  70  5:54  Probe  
  72  5:58  Pylon  
  72  6:02  Protoss Ground Weapons Level 1  
  72  6:08  Stalker  
  74  6:11  Stalker  
  74  6:17  Robotics Facility  
  76  6:30  Nexus  
  76  6:31  Charge  
  76  6:32  Pylon  
  70  6:55  Gateway  
  70  6:57  Gateway  
  70  6:59  Gateway  
  62  7:02  Gateway  
  62  7:05  Gateway  
  62  7:07  Observer, Gateway  
  62  7:08  Probe x2  
  65  7:12  Stalker  
  65  7:14  Stalker  
  69  7:22  Templar Archives  
  69  7:27  Probe x2  
  71  7:30  Photon Cannon  
  71  7:36  Zealot  
  73  7:37  Zealot  
  73  7:42  Immortal  
  79  7:52  Zealot x2  
  79  7:54  Pylon  
  83  8:01  High Templar x2  
  87  8:05  Archon  
  87  8:06  Zealot  
  87  8:10  Zealot  
  91  8:14  High Templar x2  
  91  8:19  Archon  
  95  8:20  Zealot x2  
  95  8:26  Photon Cannon  
  99  8:34  Zealot x3  
  103  8:42  High Templar x2  
  103  8:46  Archon  
  107  8:53  Zealot x3  
  107  9:06  Zealot x3  
  99  9:14  Zealot  
  99  9:15  Zealot  
  99  9:16  Zealot  
  99  9:17  Zealot x2  
Show
View Real Time Build Order
Export as new Build Order

Neeb Protoss - Winner!

Build Orders: Oracle Opening, Phoenix Opening, Zealot Archon 

Get SALT Encoding   

  12  0:00  Probe  
  13  0:12  Probe  
  14  0:18  Pylon  
  14  0:24  Probe  
  15  0:32  Probe  
  15  0:38  Gateway  
  15  0:40  Probe  
  16  0:48  Assimilator  
  17  0:51  Probe  
  17  0:56  Assimilator  
  18  0:59  Probe  
  19  1:08  Probe  
  19  1:09  Gateway  
  19  1:18  Probe  
  21  1:26  Cybernetics Core  
  21  1:30  Probe  
  22  1:37  Pylon  
  22  1:42  Probe  
  24  2:02  Stargate  
  24  2:03  Stalker  
  27  2:09  Probe  
  27  2:12  Warp Gate  
  28  2:19  Pylon  
  28  2:36  Oracle  
  26  2:49  Nexus  
  29  2:57  Stalker  
  32  3:07  Robotics Facility  
  32  3:10  Probe  
  32  3:21  Pylon  
  32  3:22  Probe  
  33  3:34  Phoenix, Probe  
  36  3:46  Probe  
  37  3:49  Pylon  
  37  3:59  Twilight Council, Probe  
  38  4:07  Adept x2  
  42  4:10  Probe  
  42  4:13  Probe  
  44  4:22  Probe  
  43  4:25  Probe  
  43  4:30  Observer  
  45  4:34  Probe  
  45  4:35  Forge  
  45  4:37  Probe  
  47  4:42  Sentry  
  49  4:46  Probe, Shield Battery  
  49  4:52  Probe  
  51  4:54  Charge, Probe  
  52  5:00  Assimilator, Probe  
  52  5:02  Assimilator, Probe  
  54  5:08  Probe  
  54  5:13  Probe  
  55  5:16  Protoss Ground Weapons Level 1  
  55  5:18  Probe  
  55  5:19  Pylon  
  57  5:25  Probe  
  57  5:27  Immortal  
  62  5:37  Probe, Pylon  
  62  5:42  Gateway  
  63  5:43  Gateway  
  63  5:48  Pylon  
  63  5:54  Pylon  
  63  6:00  Gateway  
  63  6:01  Gateway  
  63  6:04  Sentry  
  63  6:07  Immortal  
  69  6:16  Pylon  
  69  6:23  Templar Archives  
  69  6:30  Gateway  
  69  6:32  Gateway  
  69  6:40  Stalker x2  
  69  6:42  Stalker  
  67  6:51  Stalker, Immortal  
  55  7:08  Zealot, High Templar x2  
  61  7:12  Archon  
  67  7:22  Warp Prism  
  65  7:23  Dark Shrine  
  65  7:32  Adept x2  
  65  7:36  Zealot x2  
  75  7:54  Zealot x3, High Templar x2  
  85  7:58  Zealot x2  
  85  7:59  Archon  
  89  8:09  Pylon  
  89  8:11  Pylon  
  89  8:15  High Templar x2  
  89  8:16  Zealot  
  89  8:19  Archon  
  95  8:20  Zealot x2  
  99  8:43  Zealot x3  
  99  8:44  Zealot x3  
  94  9:14  Zealot x3  
  94  9:16  Zealot  
  88  9:17  Zealot x2  
Tags
 
Add a new tag
Caveats
  • Supply blocks, unpowered buildings, or Contaminate may cause inaccurate times.
  • Supply counts are checked every 10 seconds.